 Dungeon Sprint DCSS version 0.31.0-9-g3a7656b989 (webtiles) character file.

Game seed: 16260274000625329273

147 Heoruswealwe the Spear-Bearer (level 5, 0/52 HPs)
             Began as a Minotaur Fighter on Feb 6, 2024.
             Was an Initiate of Gozag.
             Slain by a troll (7 damage)
             ... in the Dungeon (Sprint IX: "|||||||||||||||||||||||||||||").
             The game lasted 00:00:52 (96 turns).

Heoruswealwe the Spear-Bearer (Minotaur Fighter)      Turns: 96, Time: 00:00:54

Health: 0/52       AC:  7    Str: 22    XL:     5   Next: 8%
Magic:  4/4        EV:  9    Int:  5    God:    Gozag
Gold:   0          SH:  4    Dex: 10    Spells: 4/4 levels left

rFire   . . .        a - +0 trident
rCold   . . .        d - +0 buckler
rNeg    . . .        c - +0 scale mail
rPois   .            (helmet restricted)
rElec   .            (no cloak)
rCorr   .            (no gloves)
SInv    .            (no boots)
Will    .....        (no amulet) Stlth
                     (no ring)
HPRegen 0.28/turn    (no ring)
MPRegen 0.09/turn

%: no teleportation
@: no status effects
A: horns 2, retaliatory headbutt
a: Renounce Religion, Potion Petition, Call Merchant, Bribe Branch


You were in the Dungeon.
You worshipped Gozag.
Gozag was noncommittal.
You visited 1 branch

Inventory:

Hand Weapons
 a - a +0 trident (weapon)
Armour
 c - a +0 scale mail (worn)
 d - a +0 buckler (worn)
Jewellery
 k - a +2 ring of protection
 l - a +3 ring of strength
Wands
 h - a wand of iceblast (10)
Scrolls
 j - 2 scrolls of blinking
Potions
 b - a potion of might
 e - 5 potions of curing
 f - 2 potions of heal wounds
 g - a potion of haste
 i - a potion of berserk rage


   Skills:
 + Level 7.1 Fighting
 * Level 9.0 Polearms
 + Level 7.1 Armour
 - Level 3.6 Shields


You had 4 spell levels left.
You didn't know any spells.
Your spell library was empty.

Dungeon Overview and Level Annotations

Branches:
Dungeon (1/1)

Altars:
Cheibriados
Dithmenos
Elyvilon
Fedhas
Gozag
Hepliaklqana
Kikubaaqudgha
Makhleb
Nemelex Xobeh
Okawaru
Qazlal
Ru
Sif Muna
Trog
Uskayaw
Vehumet
Wu Jian
Xom
Yredelemnul
Zin
The Shining One
Jiyva
Lugonu


Innate Abilities, Weirdness & Mutations

You have a pair of horns on your head.
You reflexively headbutt those who attack you in melee.


Message History

Okay, then.
You see here a +0 cloak.
You see here a +0 pair of boots.
You see here a +2 ring mail.
k - a +2 ring of protection
l - a +3 ring of strength You open the door.
A komodo dragon, a vampire mosquito, a shadow and 3 trolls come into view.
The troll shouts!
The komodo dragon hisses angrily.
The vampire mosquito buzzes angrily.
The troll shouts!
The shadow slips into darkness.
The shadow flickers and vanishes!
Deactivating autopickup; reactivate with Ctrl-A.
You barely miss the troll. The troll bites you! The troll claws you.
The troll claws you but does no damage.
The komodo dragon hisses menacingly.
You closely miss the troll. The troll closely misses you.
You furiously retaliate!
You headbutt the troll. The troll claws you. The troll claws you!
You closely miss the troll.
The troll is lightly wounded.
The troll closely misses you. x2; The troll claws you.
You barely miss the troll.
The troll is lightly wounded.
You hit the troll but do no damage.
The troll is lightly wounded.
The troll bites you!
* * * LOW HITPOINT WARNING * * *
The troll claws you.
* * * LOW HITPOINT WARNING * * *
The troll barely misses you.
You barely miss the troll.
The troll is lightly wounded.
The troll bites you.
* * * LOW HITPOINT WARNING * * *
The troll claws you.
* * * LOW HITPOINT WARNING * * *
The troll claws you!
You die...
Your body crumbles into a pile of gold. ▓▓▓▓▓▓▓▓▓▓▓▓▓▓▓▓▓▓▓▓▓▓▓▓ .Tyl.TT@.[[[.)?!'_______ ▓▓▓▓▓▓▓▓▓▓▓▓▓▓▓▓▓▓▓▓▓▓▓▓

You could see a komodo dragon, 3 trolls and a vampire mosquito.

Vanquished Creatures
  An ogre (D)
  A hound (D)
  A sleepcap (D)
  An orc (D)
  A goblin (D)
  A jackal (D)
  3 ball pythons (D)
  A rat (D)
10 creatures vanquished.

Notes
Turn   | Place    | Note
-------+----------+-------------------------------------------
     0 | D        | Heoruswealwe the Minotaur Fighter began the quest for the
                  | Orb.
     0 | D        | Reached XP level 1. HP: 19/19 MP: 0/0
     6 | D        | Reached skill level 3 in Polearms
    18 | D        | Noticed a sleepcap
    18 | D        | Noticed a hound
    18 | D        | Noticed an ogre
    20 | D        | Reached skill level 4 in Polearms
    25 | D        | Killed an ogre
    26 | D        | Reached skill level 7 in Polearms
    26 | D        | Reached XP level 2. HP: 30/30 MP: 1/1
    26 | D        | Reached XP level 3. HP: 37/37 MP: 2/2
    26 | D        | Reached XP level 4. HP: 44/44 MP: 3/3
    31 | D        | Reached skill level 8 in Polearms
    39 | D        | Reached skill level 9 in Polearms
    39 | D        | Reached XP level 5. HP: 45/52 MP: 4/4
    46 | D        | Found a snail-covered altar of Cheibriados.
    46 | D        | Found a shadowy altar of Dithmenos.
    46 | D        | Found a white marble altar of Elyvilon.
    46 | D        | Found a blossoming altar of Fedhas.
    46 | D        | Found an opulent altar of Gozag.
    47 | D        | Found a hazy altar of Hepliaklqana.
    48 | D        | Found a viscous altar of Jiyva.
    49 | D        | Found an ancient bone altar of Kikubaaqudgha.
    50 | D        | Found a corrupted altar of Lugonu.
    51 | D        | Found a burning altar of Makhleb.
    52 | D        | Found a sparkling altar of Nemelex Xobeh.
    53 | D        | Found an iron altar of Okawaru.
    54 | D        | Became a worshipper of Gozag Ym Sagoz the Greedy
    55 | D        | Found a stormy altar of Qazlal.
    56 | D        | Found a sacrificial altar of Ru.
    57 | D        | Found a shimmering blue altar of Sif Muna.
    58 | D        | Found a bloodstained altar of Trog.
    59 | D        | Found a hide-covered altar of Uskayaw.
    60 | D        | Found a radiant altar of Vehumet.
    61 | D        | Found an ornate altar of the Wu Jian Council.
    62 | D        | Found a shimmering altar of Xom.
    63 | D        | Found a basalt altar of Yredelemnul.
    64 | D        | Found a glowing silver altar of Zin.
    65 | D        | Found a glowing golden altar of the Shining One.
    90 | D        | Noticed a troll
    90 | D        | Noticed a komodo dragon
    90 | D        | Noticed a vampire mosquito
    90 | D        | Noticed a shadow
    90 | D        | Noticed a troll
    90 | D        | Noticed a troll
    96 | D        | Slain by a troll

Illustrated notes

Levels and vault maps discovered:
D:        linesprint [early_d, line_temple, items_1, d_10, items_2, lair_1,
          lair_end, items_3, orc_1, orc_end, items_4, d_15, swamp_1, shoals_1,
          snake_1, spider_1, d_20, vaults_1, items_5, swamp_end, shoals_end,
          snake_end, spider_end, vaults_end, d_27, items_6, zot_1, zot_end,
          crypt_end, forest_end, elf_end, slime_end, tomb_end, abyss_end,
          pan_hell_end]

Skill      XL: |  1  2  3  4 |
---------------+-------------+-----
Polearms       | 7 9 |  9.0
Fighting       | 6 7 |  7.1
Armour         | 6 7 |  7.1
Shields        | |  3.6

Action                     |  1- 3 |  4- 6 || total
---------------------------+-------+-------++-------
  Melee: Trident           |    14 |    18 ||    32
         Headbutt          |       |     3 ||     3
    Use: Potion            |     1 |       ||     1
 Armour: Scale mail        |     4 |    14 ||    18
  Dodge: Dodged            |     5 |    11 ||    16
  Block: Buckler           |     4 |     2 ||     6
